 Dungeon Crawl Stone Soup version 0.22-a0-282-gdd34a7d (webtiles) character file.

609 RoseArtemis the Cudgeler (level 7, -9/61 HPs)
             Began as a Minotaur Fighter on Mar 17, 2018.
             Mangled by Pikel
             ... wielding a +1 whip of electrocution
              (14 damage)
             ... on level 3 of the Dungeon.
             The game lasted 00:07:28 (2742 turns).

RoseArtemis the Cudgeler (Minotaur Fighter)         Turns: 2742, Time: 00:07:28

Health: -9/61      AC: 10    Str: 26    XL:     7   Next: 19%
Magic:  6/6        EV:  8    Int:  6    God:
Gold:   54         SH: 10    Dex: 10    Spells: 6/6 levels left

rFire    . . .     SeeInvis .   a - +0 flail
rCold    . . .     Gourm    .   c - +0 shield
rNeg     . . .     Faith    .   k - +3 scale mail
rPois    .         Spirit   .   (helmet restricted)
rElec    .         Reflect  .   (no cloak)
rCorr    .         Harm     .   (no gloves)
MR       .....                  (no boots)
Stlth    ..........             (no amulet)
HPRegen  0.20/turn              (no ring)
MPRegen  0.10/turn              (no ring)

@: mighty
A: retaliatory headbutt, horns 2
a: no special abilities


You were on level 3 of the Dungeon.
You were not hungry.

You visited 1 branch of the dungeon, and saw 4 of its levels.

You collected 54 gold pieces.

Inventory:

Hand Weapons
 a - a +0 flail (weapon)
Armour
 c - a +0 shield (worn)
 k - a +3 scale mail (worn)
Scrolls
 b - 2 scrolls of fog {unknown}
 e - 3 scrolls of remove curse {unknown}
 i - a scroll of amnesia {unknown}
 j - 2 scrolls of identify {unknown}
 l - a scroll of immolation {unknown}
 o - 2 scrolls of enchant armour {unknown}
 p - a scroll of magic mapping {unknown}
 r - a scroll of fear {unknown}
 s - a scroll of noise {unknown}
Potions
 g - a potion of curing {unknown}
 h - 2 potions of lignification {unknown}
 m - a potion of haste {unknown}
 n - a potion of cancellation {unknown}
Comestibles
 f - 6 rations
 q - 4 chunks of flesh


   Skills:
 + Level 5.5 Fighting
 * Level 6.4 Maces & Flails
 + Level 5.4 Armour
 + Level 5.5 Shields


You had 6 spell levels left.
You didn't know any spells.

Dungeon Overview and Level Annotations

Branches:
Dungeon (4/15)
 Temple: D:4-7

Altars:
Kikubaaqudgha
Qazlal
Ru
Vehumet
Zin
The Shining One

Shops:
D:3 *

Annotations:
D:3 Pikel


Innate Abilities, Weirdness & Mutations

You reflexively headbutt those who attack you in melee.
You have a pair of horns on your head.


Message History

Pikel hits you with a whip of electrocution.
You barely miss Pikel.
Pikel is lightly wounded.
Pikel hits you but does no damage.
You barely miss Pikel.
Pikel is lightly wounded.
Pikel hits you but does no damage.
You are electrocuted!
You hit Pikel. Your headbutt misses Pikel.
Pikel is moderately wounded.
Pikel barely misses you. You furiously retaliate!
You headbutt Pikel! You hit Pikel but do no damage.
You headbutt Pikel, but do no damage.
Pikel is heavily wounded.
You block Pikel's attack.
You hit Pikel but do no damage.
Pikel is heavily wounded.
Pikel hits you but does no damage.
You are electrocuted!
* * * LOW HITPOINT WARNING * * *
You feel very mighty all of a sudden. Pikel hits you but does no damage.
You are electrocuted!
You die...

########## ######### #^.......#
........# #.######.#######
#######.## #.# #.......#
.........# #.# #######.#
.........## #(# ### #.#
..........# #.# #.#####.#
..........######.# #.....#.#
................@######.###.#.#
.########..###...K...##.#...#.###
## #######.# #...)...##.#.###....
#....##.###.......##.#.#######
#....##..##.......##.#........
#....###'##.......##.#.#.#####
####..............#####.#.#.#...#
..................# #.#.......#
..................# #(#.#######


You could see Pikel.

Vanquished Creatures
  Sigmund (D:2)
  The ghost of grindst0ne the Magician, an amateur DEAE (D:3)
  A slave (D:3)
  An ogre (D:2)
  A scorpion (D:3)
  A worker ant (D:3)
  Natasha (twice) (D:2)
  8 adders
  4 worms
  2 leopard geckos (D:1)
  6 orcs
  4 giant cockroaches
  7 goblins
  8 hobgoblins
  3 jackals (D:3)
  2 ball pythons
  8 bats
  2 frilled lizards (D:2)
  7 kobolds
  3 rats
72 creatures vanquished.

Notes
Turn   | Place    | Note
-------+----------+-------------------------------------------
     0 | D:1      | RoseArtemis the Minotaur Fighter began the quest for the Orb.
     0 | D:1      | Reached XP level 1. HP: 19/19 MP: 0/0
   331 | D:1      | Reached XP level 2. HP: 27/27 MP: 1/1
   518 | D:1      | Reached skill level 3 in Maces & Flails
   721 | D:1      | Found an ancient bone altar of Kikubaaqudgha.
   792 | D:2      | Noticed an ogre
  1029 | D:2      | Reached XP level 3. HP: 33/33 MP: 2/2
  1244 | D:2      | Noticed Natasha
  1246 | D:2      | Killed Natasha
  1249 | D:2      | Reached XP level 4. HP: 35/40 MP: 3/3
  1257 | D:2      | Killed an ogre
  1257 | D:2      | Reached skill level 4 in Maces & Flails
  1257 | D:2      | Reached XP level 5. HP: 19/47 MP: 4/4
  1504 | D:2      | Noticed Sigmund
  1527 | D:2      | Killed Sigmund
  1527 | D:2      | Reached skill level 5 in Fighting
  1527 | D:2      | Reached skill level 5 in Maces & Flails
  1527 | D:2      | Reached skill level 5 in Shields
  1527 | D:2      | Reached XP level 6. HP: 28/56 MP: 5/5
  1707 | D:2      | Found a radiant altar of Vehumet.
  1707 | D:2      | Found a stormy altar of Qazlal.
  1707 | D:2      | Found a glowing golden altar of the Shining One.
  1707 | D:2      | Found a sacrificial altar of Ru.
  1906 | D:2      | Noticed Natasha
  1908 | D:2      | Killed Natasha
  1908 | D:2      | Reached skill level 5 in Armour
  2074 | D:3      | Noticed grindst0ne's ghost (amateur DEAE)
  2082 | D:3      | Killed grindst0ne's ghost
  2082 | D:3      | Reached skill level 6 in Maces & Flails
  2094 | D:3      | Found Zin's Purification Station.
  2097 | D:3      | Found a glowing silver altar of Zin.
  2354 | D:3      | Reached XP level 7. HP: 61/61 MP: 6/6
  2591 | D:4      | Noticed Pikel
  2742 | D:3      | Mangled by Pikel

Vault maps used:
D:1:      dpeg_arrival_lava_altar, minmay_tetromino_s2
D:2:      chequers_temple_overflow_statue_of_worship, uniq_sigmund, uniq_natasha
D:3:      zin_purify, first_ration
D:4:      old_forge, chequers_ossuary_entry_cave, cheibriados_altar_1,
          uniq_pikel

Skill      XL: |  1  2  3  4  5  6 |
---------------+-------------------+-----
Maces & Flails | 3 4 5 6 |  6.4
Fighting       | 4 5 |  5.5
Shields        | 4 5 |  5.5
Armour         | 4 5 |  5.4

Action                   |  1- 3 |  4- 6 |  7- 9 || total
-------------------------+-------+-------+-------++-------
Melee: Flail             |    56 |   100 |    53 ||   209
       Headbutt          |     6 |    14 |    12 ||    32
  Use: Potion            |       |       |     1 ||     1
  Eat: Chunk             |     1 |     4 |     1 ||     6
Armor: Scale mail        |    14 |    51 |    23 ||    88
Dodge: Dodged            |    11 |    37 |     9 ||    57
Block: Shield            |    27 |    57 |    32 ||   116

Table legend:
 A = Spawn XP
 B = Non-spawn XP
 C = Spawn XP percentage of total XP
 D = Spawn monster count
 E = Non-spawn monster count
 F = Spawn count percentage of total count
 G = Total turns spent on level
                    A         B        C        D         E        F      G
               +---------+---------+-------+---------+---------+-------+---------
         Total |       0 |     871 |   0.0 |       0 |      71 |   0.0 |  2742
               +---------+---------+-------+---------+---------+-------+---------
           D:1 |       0 |      24 |   0.0 |       0 |      15 |   0.0 |   934
           D:2 |       0 |     503 |   0.0 |       0 |      25 |   0.0 |  1014
           D:3 |       0 |     334 |   0.0 |       0 |      27 |   0.0 |   754
           D:4 |       0 |      10 |   0.0 |       0 |       4 |   0.0 |    40
               +---------+---------+-------+---------+---------+-------+---------
